 Dungeon Crawl Stone Soup version 0.29.1-1-gd02db6906a (webtiles) character file.

Game seed: 6696310675862110127

9863 smilodon the Basher (level 11, -5/101 HPs)
             Began as a Minotaur Fighter on Sept 17, 2022.
             Was a Follower of the Shining One.
             Slain by a two-headed ogre
             ... wielding a +0 giant club
              (21 damage)
             ... on level 10 of the Dungeon.
             The game lasted 00:14:36 (9088 turns).

smilodon the Basher (Minotaur Fighter)              Turns: 9088, Time: 00:14:38

Health: -5/101     AC: 16    Str: 22    XL:     11   Next: 28%
Magic:  10/10      EV: 16    Int: 12    God:    the Shining One [*.....]
Gold:   666        SH:  6    Dex: 13    Spells: 10/10 levels left

rFire   . . .      SeeInvis .   F - +0 flail (vorpal)
rCold   + + .      Faith    .   c - +0 buckler
rNeg    . . .      Spirit   .   l - +5 scale mail "Beapetid" {rElec rC++ Regen+ Int+7}
rPois   .          Reflect  .   (helmet restricted)
rElec   +          Harm     .   u - +0 cloak
rCorr   +          Rampage  .   (no gloves)
Will    .....                   s - +0 pair of boots
Stlth   ..........              (no amulet)
HPRegen 1.06/turn               H - +4 ring of evasion
MPRegen 0.12/turn               t - ring of resist corrosion

@: glowing
A: horns 2, retaliatory headbutt
a: Renounce Religion, Divine Shield


You were on level 10 of the Dungeon.
You worshipped the Shining One.
The Shining One was aware of your devotion.
You visited 3 branches of the dungeon, and saw 12 of its levels.

You collected 666 gold pieces.

Inventory:

Hand Weapons
 F - a +0 vorpal flail (weapon)
Missiles
 q - 10 boomerangs of dispersal (quivered)
Armour
 b - a +0 scale mail
 c - a +0 buckler (worn)
 e - an orb of mayhem
 l - the +5 scale mail "Beapetid" (worn) {rElec rC++ Regen+ Int+7}
   (You found it on level 2 of the Dungeon)

   Int:       It affects your intelligence (+7).
   rC:        It greatly protects you from cold.
   rElec:     It insulates you from electricity.
   Regen:     It increases your rate of health regeneration.
 s - a +0 pair of boots (worn)
 u - a +0 cloak (worn)
Jewellery
 g - a +6 ring of intelligence
 n - a ring of fire
 o - a ring of protection from cold
 t - a ring of resist corrosion (right hand)
 w - a ring of ice
 H - a +4 ring of evasion (left hand)
Wands
 d - a wand of roots (5)
 x - a wand of charming (14)
Scrolls
 f - a scroll of poison
 h - 5 scrolls of immolation
 k - a scroll of fear
 m - a scroll of magic mapping
 r - 2 scrolls of vulnerability
 y - 2 scrolls of fog
 A - a scroll of blinking
 B - a scroll of enchant weapon {unknown}
 I - a scroll of torment {unknown}
Potions
 a - 2 potions of lignification {unknown}
 i - a potion of berserk rage {unknown}
 j - a potion of ambrosia {unknown}
 p - 2 potions of degeneration {unknown}
 v - a potion of cancellation {unknown}
 z - 3 potions of haste {unknown}
 C - a potion of brilliance {unknown}
 D - a potion of mutation {unknown}
 E - 2 potions of might
 G - 2 potions of heal wounds {unknown}
Miscellaneous
 J - a piece from Xom's chessboard (15/15)


   Skills:
 + Level 10.5 Fighting
 + Level 11.8 Maces & Flails
 + Level 10.4 Armour
 - Level 5.3 Dodging
 + Level 10.5 Shields


You had 10 spell levels left.
You didn't know any spells.
Your spell library contained the following spells:

 Spells                   Type           Power      Damage    Failure   Level
 Ignite Poison            Fire/Tmut/Pois 0%         N/A       95%         3
 Mephitic Cloud           Conj/Pois/Air  0%         N/A       95%         3
 Freezing Cloud           Conj/Ice/Air   0%         6-21      100%        5


Dungeon Overview and Level Annotations

Branches:
Dungeon (10/15)            Temple (1/1) D:6            Lair (1/5) D:9
    Orc (0/2) D:9

Altars:
Ashenzari
Cheibriados
Dithmenos
Elyvilon
Fedhas
Gozag
Hepliaklqana
Kikubaaqudgha
Makhleb
Nemelex Xobeh
Okawaru
Qazlal
Ru
Sif Muna
Trog
Uskayaw
Vehumet
Wu Jian
Xom
Yredelemnul
Zin
The Shining One

Shops:
D:1 (   D:9 :

Annotations:
Lair:1 Grum


Innate Abilities, Weirdness & Mutations

You have a pair of horns on your head.
You reflexively headbutt those who attack you in melee.


Message History

You hit the two-headed ogre but do no damage.
The two-headed ogre is heavily wounded.
The two-headed ogre hits you but does no damage.
The two-headed ogre hits you with a +0 giant club!
A gargoyle comes into view. It is wielding a +0 morningstar.
You are too injured to fight recklessly!
You are too injured to fight recklessly!
You are too injured to fight recklessly!
You are too injured to fight recklessly!
You are too injured to fight recklessly!
You are too injured to fight recklessly!
You are too injured to fight recklessly!
You are too injured to fight recklessly!
You are too injured to fight recklessly!
You are too injured to fight recklessly!
You hit the two-headed ogre but do no damage.
You headbutt the two-headed ogre, but do no damage.
The two-headed ogre is heavily wounded.
You hit the two-headed ogre.
The two-headed ogre is severely wounded.
The two-headed ogre hits you with a +0 giant club!!
* * * LOW HITPOINT WARNING * * *
You block the two-headed ogre's attack.
You hit the two-headed ogre but do no damage.
The two-headed ogre is severely wounded.
You hit the two-headed ogre. You headbutt the two-headed ogre!
The two-headed ogre is severely wounded.
The two-headed ogre hits you with a +0 giant club!
* * * LOW HITPOINT WARNING * * *
The two-headed ogre barely misses you.
You hit the two-headed ogre but do no damage.
Your headbutt misses the two-headed ogre.
The two-headed ogre is severely wounded.
You hit the two-headed ogre but do no damage.
You headbutt the two-headed ogre!
The two-headed ogre is almost dead.
The two-headed ogre hits you with a +0 giant club.
* * * LOW HITPOINT WARNING * * *
The two-headed ogre hits you with a +0 giant club!!
You die...

#....###....> ...
.###....#....... ...
................ ....
................ ..#..
#.......)))....
#....#####.........#..#.
#..............<)#####>
#..........##.....## ##
#)...O@...##...#...####
####..9.......##.......
##.#......#####.....
#.#.....#####......
#.#.....#..........
..#....#...........
##.....#......#....
###...##.....##...
######.#...##...


You could see a two-headed ogre and a gargoyle.

Vanquished Creatures
  Erica (D:8)
  2 death yaks (D:8)
  A gargoyle (D:10)
  Maggie (D:9)
  A kobold demonologist (D:9)
  A troll (D:8)
  Prince Ribbit (D:8)
  4 wyverns
  A shadow (D:10)
  12 yaks
  Eustachio (D:6)
  2 steam dragons
  3 water moccasins (D:7)
  3 orc warriors
  2 sky beasts
  An ice beast (D:4)
  5 ogres
  A wolf (D:9)
  A centaur (D:9)
  A kobold brigand (D:9)
  A phantom (D:5)
  3 bullfrogs
  2 necrophages
  4 scorpions
  10 wights
  10 killer bees
  2 howler monkeys
  2 jellies
  3 orc priests
  2 hounds (D:5)
  A gnoll bouda (D:7)
  4 iguanas
  4 orc wizards
  A hound skeleton (D:6)
  Robin (D:2)
  6 gnolls
  2 adders
  A white imp (D:6)
  An ufetubus (D:6)
  A worm (D:2)
  5 dart slugs
  32 orcs
  8 ball pythons
  11 endoplasms
  5 giant cockroaches
  14 goblins
  14 hobgoblins
  8 jackals
  11 quokkas
  7 bats
  4 frilled lizards
  14 kobolds
  8 rats
247 creatures vanquished.

Vanquished Creatures (others)
  A hornet (D:9)
1 creature vanquished.

Grand Total: 248 creatures vanquished

Notes
Turn   | Place    | Note
-------+----------+-------------------------------------------
     0 | D:1      | smilodon the Minotaur Fighter began the quest for the Orb.
     0 | D:1      | Reached XP level 1. HP: 19/19 MP: 0/0
    71 | D:1      | Found Tifeg's Antique Weapon Emporium.
   322 | D:1      | Reached XP level 2. HP: 26/27 MP: 1/1
   347 | D:1      | Found a faded altar of an unknown god.
   621 | D:1      | Reached skill level 3 in Maces & Flails
   851 | D:1      | Reached XP level 3. HP: 33/33 MP: 2/2
  1232 | D:2      | Identified the +5 scale mail "Beapetid" {rElec rC++ Regen+
                  | Int+7}
  1300 | D:2      | Identified the +2 helmet "Osijuiska" {Int+4}
  1300 | D:2      | Noticed Robin
  1310 | D:2      | Killed Robin
  1497 | D:2      | Reached XP level 4. HP: 40/40 MP: 3/3
  1838 | D:2      | Reached skill level 1 in Dodging
  2169 | D:3      | Found a radiant altar of Vehumet.
  2169 | D:3      | Noticed a scorpion
  2182 | D:3      | Killed a scorpion
  2183 | D:3      | Reached skill level 4 in Maces & Flails
  2183 | D:3      | Reached XP level 5. HP: 37/46 MP: 4/4
  2402 | D:3      | Reached skill level 5 in Maces & Flails
  2415 | D:3      | Reached XP level 6. HP: 17/52 MP: 5/5
  3439 | D:4      | Noticed an ice beast
  3446 | D:4      | Killed an ice beast
  3447 | D:4      | Reached skill level 6 in Maces & Flails
  3519 | D:5      | Entered Level 5 of the Dungeon
  3644 | D:5      | Reached XP level 7. HP: 59/59 MP: 6/6
  3711 | D:5      | Reached skill level 5 in Dodging
  3789 | D:5      | Reached skill level 7 in Maces & Flails
  4148 | D:5      | Reached skill level 5 in Fighting
  4148 | D:5      | Reached skill level 5 in Shields
  4148 | D:5      | Reached XP level 8. HP: 39/68 MP: 7/7
  4253 | D:5      | Reached skill level 5 in Armour
  4495 | D:6      | Found a staircase to the Ecumenical Temple.
  4509 | Temple   | Entered the Ecumenical Temple
  4714 | D:6      | Reached skill level 8 in Maces & Flails
  4727 | D:6      | Noticed Eustachio
  4770 | D:6      | Killed Eustachio
  5581 | D:6      | Found a shadowy altar of Dithmenos.
  5581 | D:6      | Found a glowing golden altar of the Shining One.
  5823 | D:6      | Found a burning altar of Makhleb.
  5946 | D:6      | Became a worshipper of the Shining One
  5978 | D:7      | Reached XP level 9. HP: 50/77 MP: 8/8
  6125 | D:7      | Reached skill level 9 in Maces & Flails
  7054 | D:8      | Reached * piety under the Shining One
  7191 | D:8      | Reached skill level 10 in Maces & Flails
  7315 | D:8      | Found a bloodstained altar of Trog.
  7315 | D:8      | Found a sacrificial altar of Ru.
  7315 | D:8      | Found an ornate altar of the Wu Jian Council.
  7315 | D:8      | Found a shimmering altar of Xom.
  7322 | D:8      | Found a glowing silver altar of Zin.
  7327 | D:8      | Found an iron altar of Okawaru.
  7475 | D:8      | Noticed Prince Ribbit
  7483 | D:8      | Killed Prince Ribbit
  7484 | D:8      | Reached XP level 10. HP: 90/90 MP: 9/9
  7563 | D:8      | Noticed Erica
  7568 | D:8      | Killed Erica
  7651 | D:9      | Noticed a death yak
  7651 | D:9      | Noticed a death yak
  7651 | D:9      | Found a staircase to the Lair.
  7652 | D:9      | Noticed a death yak
  7670 | D:8      | Killed a death yak
  7718 | D:8      | Killed a death yak
  7824 | D:8      | Reached skill level 11 in Maces & Flails
  7963 | Lair:1   | Entered Level 1 of the Lair of Beasts
  7987 | Lair:1   | Noticed Grum
  7993 | Lair:1   | Noticed a cane toad
  8067 | D:9      | Found a staircase to the Orcish Mines.
  8069 | D:9      | Found Cietel's Book Boutique.
  8079 | D:9      | Noticed a sun demon
  8080 | D:9      | Noticed a smoke demon
  8084 | D:9      | Reached skill level 10 in Fighting
  8084 | D:9      | Reached XP level 11. HP: 56/99 MP: 10/10
  8247 | D:9      | Reached skill level 10 in Shields
  8247 | D:9      | Found a sparkling altar of Nemelex Xobeh.
  8424 | D:9      | Noticed Maggie
  8438 | D:9      | Killed Maggie
  8439 | D:9      | Reached skill level 10 in Armour
  8674 | D:10     | Entered Level 10 of the Dungeon
  8938 | D:10     | Found a hazy altar of Hepliaklqana.
  9076 | D:10     | Noticed a two-headed ogre
  9088 | D:10     | Slain by a two-headed ogre

Illustrated notes

Levels and vault maps discovered:
D:1:      erik_arrival_orb_chamber, layout_basic,
          shapermc_ecumenical_altar_petra, serial_shops,
          nicolae_shop_hallway_stairs, bh_walls_and_bars
D:2:      minmay_razor_zed, layout_basic, minmay_pentomino_z4, uniq_robin
D:3:      minmay_chambers_of_threes, layout_loops_ring,
          nicolae_vehumet_altar_sigil, serial_bayou_pond_e
D:4:      cheibrodos_quashed, layout_loops_ring
D:5:      layout_cave_pods
D:6:      layout_layer_cave, gammafunk_temple_overflow_statue,
          makhleb_blood_cavern_becter, minmay_temple_entry_statues_pillars,
          uniq_eustachio
D:7:      layout_layer_cave
D:8:      layout_loops_cross, minmay_overflow_temple_hex, uniq_erica,
          uniq_prince_ribbit1
D:9:      layout_cave_pools, mainiacjoe_overflow_paths, dpeg_lair_monsters,
          serial_shops, shop, chequers_serial_rivers_small_a, uniq_maggie
D:10:     layout_cave_pools, nicolae_hepliaklqana_hippocampus, minmay_bent
Temple:   compressed_dpeg_circular_temple
Lair:1:   layout_loops_ring, uniq_grum

Skill      XL: |  1  2  3  4  5  6  7  8  9 10 11 |
---------------+----------------------------------+-----
Maces & Flails | 3 4 5 6 7 8 10 11 | 11.8
Shields        | 4 5 6 8 9 10 | 10.5
Fighting       | 4 5 6 8 10 | 10.5
Armour         | 4 6 8 9 10 | 10.4
Dodging        | 2 3 4 5 |  5.3

Action                   |  1- 3 |  4- 6 |  7- 9 | 10-12 || total
-------------------------+-------+-------+-------+-------++-------
Melee: Flail             |    95 |   190 |   290 |   181 ||   756
       Headbutt          |     8 |    30 |    61 |    60 ||   159
  Use: Potion            |     1 |     2 |       |     4 ||     7
       Scroll            |       |     5 |     3 |     4 ||    12
Armor: Scale mail        |    53 |    89 |   139 |    73 ||   354
Dodge: Dodged            |    44 |    81 |   188 |   185 ||   498
Block: Buckler           |    24 |    41 |    84 |    66 ||   215
